[Event "Benidorm Open-A 2022"]
[Site "Benidorm"]
[Date "2022.12.08"]
[Round "7.17"]
[White "Lohia, Sohum"]
[Black "Slagboom, Leandro"]
[Result "1/2-1/2"]
[ECO "B60"]
[WhiteElo "2136"]
[BlackElo "2147"]
[Annotator "TA"]
[PlyCount "114"]
[EventDate "2022.12.03"]
[EventType "swiss"]
[EventCountry "ESP"]
[SourceTitle "playchess.com"]
[Source "ChessBase"]
[SourceQuality "1"]
[TimeControl "5400+30"]

1. e4 c5 2. Nf3 d6 3. d4 cxd4 4. Nxd4 Nf6 5. Nc3 Nc6 6. Bg5 g6 7. Bxf6 exf6 8. Qd2 (8. Bb5 $5 Bd7 9. Qd3 $14) 8... Bg7 $1 {B60: Sicilian: Richter-Rauzer: Unusual Black 6th moves and 6...Bd7 without 7 Qd2.} 9. O-O-O {9.Ndb5 is vanishing.} O-O 10. Nb3 f5 11. Bd3 (11. Qxd6 $11 Bxc3 12. bxc3) 11... a5 $15 12. a4 $1 {[#]} Be6 $146 (12... Nb4 {is more complex.} 13. Kb1 Bxc3 14. Qxc3 fxe4 15. Bxe4 d5) ({Predecessor:} 12... Nb4 13. exf5 Nxd3+ 14. Qxd3 Bxf5 15. Qg3 Rc8 16. Nd4 Bd7 17. Ndb5 Bxb5 18. Nxb5 Qf6 {0-1 (46) Rasmussen,A (2535)-Illescas Cordoba,M (2591) Novi Sad 2009}) 13. exf5 gxf5 14. h3 Rc8 15. Kb1 Nb4 {[%cal Oc8c3] Inhibits g4. Strongly threatening ...Rxc3!} 16. g4 $2 {[#]} (16. Bb5 $11 {and White stays safe.}) 16... Qf6 $2 (16... fxg4 17. hxg4 h6 18. Nd4 $1 $16) (16... Rxc3 $1 $19 17. bxc3 Nd5) 17. gxf5 $11 Nd5 $2 18. fxe6 $18 Rxc3 19. Rhg1 (19. bxc3 $2 Nxc3+ $19) (19. e7 $18 Re8 20. Rhg1 (20. bxc3 $2 Nxc3+ $19) (20. Nxa5 Rc5 $11) (20. Bxh7+ Kh8 $16) 20... Rxe7 21. Rg3 (21. bxc3 $2 Nxc3+ 22. Kb2 Nxd1+ 23. Kc1 Nxf2 $19)) 19... fxe6 20. Rxg7+ (20. bxc3 $2 Nxc3+ $19) (20. Nxa5 Rc5 21. c4 (21. Nxb7 $2 Qxb2#) 21... Nf4 $11) 20... Qxg7 21. bxc3 (21. Nd4 $1 $16 Rxd3 22. Qxd3) 21... Nxc3+ $11 22. Kc1 {Black must now prevent Rh1.} Nxd1 (22... Na2+ $11 23. Kb1 Nc3+ 24. Kc1 Na2+ 25. Kb1 Nc3+) 23. Kxd1 (23. Qxd1 $16 b6 24. Qh5) 23... Qg2 (23... Qg1+ $11 {remains equal.} 24. Qe1 Qxe1+ 25. Kxe1 b6) 24. Qe3 e5 (24... Qf3+ $142 25. Qxf3 Rxf3) 25. Ke2 d5 26. Qg3+ {Really sharp!} (26. Qxe5 $16 {Hoping for Bf5.} Qxf2+ 27. Kd1) 26... Qxg3 27. fxg3 b6 (27... Rc8 $5 ) 28. Nd2 Rc8 29. c4 $1 e4 ({Black should play} 29... dxc4 30. Nxc4 (30. Bxc4+ Kg7 $16) 30... Rb8) 30. Bb1 $16 dxc4 31. Nxc4 Kg7 $11 (31... Rxc4 $2 32. Ba2 Kf7 33. Bxc4+ $18) 32. Nd6 (32. Nxb6 $2 Rb8 33. Bxe4 Rxb6 $19) 32... Rc3 {[#]} (32... Rc6 $11 33. Nf5+ (33. Bxe4 $2 {is the wrong capture.} Rxd6 34. Ke3 Rd1 $19) (33. Nxe4 Rc4 $11) 33... Kf6 34. Bxe4 Rc4) 33. Nxe4 ({Better is} 33. Kd2 $1 $16 Ra3 34. Bc2 (34. Bxe4 Rxa4 35. Kc3 h5 $11)) 33... Rc4 34. Ke3 Rxa4 35. Bd3 $2 (35. Nc3 $11 Ra3 36. Kd4) 35... Rb4 $19 {[%mdl 1024] Threatens to win with ...a4. Black has strong compensation.} ({Not} 35... Ra3 36. Kd4 $11) 36. Nd6 {[#]} ({White should try} 36. Nc3) 36... Rb3 (36... a4 $1 $17 {[%cal Ra4a3] aiming for ...a3.} 37. Nb5 Rb3) 37. Nf5+ {The position is equal.} Kf6 38. Nd4 Rc3 39. Kd2 Rc5 40. Bxh7 a4 41. Bc2 a3 42. Nb3 {Against a2} Rc4 43. g4 Kg5 44. Kc1 Rc3 45. Kb1 b5 46. Na1 b4 47. Bb3 Rxh3 48. Ka2 Rh2+ 49. Nc2 Kxg4 50. Kb1 Kf4 51. Ka1 Ke5 52. Nxb4 Kd4 53. Nc2+ Kc3 54. Ka2 Rh8 55. Kxa3 Rb8 56. Na1 Ra8+ 57. Ba4 Ra7 {Weighted Error Value: White=0.37/Black=0.29 (precise)} 1/2-1/2

[Event "Benidorm Open-A 2022"]
[Site "Benidorm"]
[Date "2022.12.08"]
[Round "7.18"]
[White "Sarveshwaran V"]
[Black "Cabezas Ayala, Ivan"]
[Result "1/2-1/2"]
[ECO "C65"]
[WhiteElo "2040"]
[BlackElo "2259"]
[Annotator "TA"]
[PlyCount "63"]
[EventDate "2022.12.03"]
[EventType "swiss"]
[EventCountry "ESP"]
[SourceTitle "playchess.com"]
[Source "ChessBase"]
[SourceQuality "1"]
[TimeControl "5400+30"]

1. e4 e5 2. Nf3 Nc6 3. Bb5 Nf6 4. d3 Bc5 5. c3 d6 6. h3 {C65: Ruy Lopez: Berlin Defence (3...Nf6), unusual lines and 4 0-0 Bc5.} a6 7. Ba4 Ba7 8. O-O O-O 9. Re1 Ne7 10. d4 Ng6 11. Nbd2 Nh5 12. Nf1 Nhf4 13. Ng3 Qf6 14. Nh5 Qe7 (14... Nxh5 $2 15. Bg5 $18) (14... Qe6 $1 $14) 15. Bxf4 $16 Nxf4 16. Nxf4 exf4 {[#]} 17. e5 $146 ({Predecessor:} 17. Bc2 c5 18. Qd3 cxd4 19. cxd4 Bd7 20. e5 g6 21. Qa3 Bc6 22. exd6 Qf6 23. d5 Bxd5 {½-½ (30) Sevian,S (2615)-Azarov,S (2556) Saint Louis 2017}) 17... dxe5 18. Rxe5 Qf6 19. Bc2 (19. Qe2 $16) 19... Bd7 20. Qd2 Rae8 21. Rae1 {White is more active.} Rxe5 ({Black should play} 21... c6 $1 $14) 22. dxe5 Qb6 (22... Qe7 $16 {keeps fighting.} 23. Qxf4 Bc6) 23. Qxd7 $18 Qxf2+ 24. Kh1 $2 (24. Kh2 $18 {is the precise move to win.} Qxc2 25. e6) 24... Qxc2 $16 25. e6 fxe6 (25... Qxb2 {leads to mate.} 26. exf7+ (26. Qxc7 fxe6 27. Qc4 Kh8 $17) 26... Kh8 27. Qe7) 26. Qxe6+ Kh8 27. Ne5 $1 {[%mdl 1024] Threatening mate with Nf7+. White has strong compensation.} g6 (27... Qxb2 {gets mated.} 28. Nf7+ Kg8 29. Nh6+ Kh8 30. Qg8+ $3 Rxg8 31. Nf7#) 28. Nd7 (28. Nf7+ $16 Kg7 29. Ng5) 28... f3 $1 $36 {[%csl Gf3][%cal Rc2g2][%mdl 2048] Black fights for an advantage.} 29. Qe5+ (29. Nxf8 $2 Qxg2#) 29... Kg8 30. Qe6+ $2 {[%mdl 8192] [#]} (30. gxf3 $11 {and White has nothing to worry.} Qf5 31. Nxf8 Qxh3+ 32. Qh2 Qxf3+ 33. Qg2 Qh5+ 34. Qh2 Qf3+ 35. Qg2 Qh5+ 36. Qh2 Qf3+) 30... Kh8 $2 (30... Rf7 $1 $19 31. gxf3 Qf2 32. Nf6+ Kg7 33. Ne8+ Kf8) 31. Qe5+ (31. Nxf8 $2 Qxg2#) 31... Kg8 32. Qe6+ $2 {[%mdl 40960] Weighted Error Value: White=0.48/Black=0.59. An unexpected result.} (32. gxf3 $11 {and White stays safe.} Qf5 33. Nxf8 Qxh3+ 34. Qh2 Qxf3+ 35. Qg2 Qh5+ 36. Qh2 Qf3+ 37. Qg2 Qh5+ 38. Qh2 Qf3+) 1/2-1/2

[Event "Benidorm Open-A 2022"]
[Site "Benidorm"]
[Date "2022.12.08"]
[Round "7.19"]
[White "Kocak, Ediz"]
[Black "Goossens, Hanne"]
[Result "0-1"]
[ECO "C53"]
[WhiteElo "2115"]
[BlackElo "2200"]
[Annotator "TA"]
[PlyCount "76"]
[EventDate "2022.12.03"]
[EventType "swiss"]
[EventCountry "ESP"]
[SourceTitle "playchess.com"]
[Source "ChessBase"]
[SourceQuality "1"]
[TimeControl "5400+30"]

1. e4 e5 2. Bc4 Nf6 3. d3 Bc5 4. Nf3 Nc6 5. c3 d6 6. a4 a5 7. O-O O-O 8. Nbd2 {C54: Giuoco Piano: 4 c3 Nf6, main lines with 5 d4 and 5 d3.} Ba7 9. Re1 Ng4 10. Re2 Kh8 11. h3 Nh6 12. Nf1 $1 f5 {[#]} 13. N1h2 $146 (13. Bg5 $5 Qe8 14. N1d2 $11) ({Predecessor:} 13. Bg5 Qd7 14. Ne3 fxe4 15. dxe4 Nf7 16. Bh4 Nfd8 17. Re1 Bxe3 18. fxe3 Qe8 19. Rf1 {½-½ (38) Velicka,P (2412)-Cvek,R (2535) Czech Republic 2015}) 13... f4 14. d4 Qf6 15. b3 (15. Bd5 $11) 15... exd4 $17 16. cxd4 Nxd4 17. Nxd4 Bxd4 18. Rb1 Be5 {[%cal Oc8h3] ...Bxh3! is the strong threat.} (18... Bc5 {looks sharper.} 19. Nf3 Qg6 20. Kh1 Qh5) 19. Nf3 Nf7 (19... Qg6 {with more complications.} 20. Kh2 Re8 21. Kh1 Nf7) 20. Qc2 (20. Bxf7 $15 Rxf7 21. Nxe5 Qxe5 22. f3 (22. Bb2 Qe6 $15)) 20... Ng5 21. Nxe5 (21. Nxg5 $17 Qxg5 22. Kh1) 21... dxe5 $19 22. f3 {[#]} Bxh3 $1 {[%mdl 512] Black is more active.} 23. Bb2 {[#]} (23. gxh3 $2 {loses.} Nxf3+ 24. Kh1 Qh4 $19) (23. Ba3 Rfd8) 23... Bd7 (23... Qg6 $1 $19 24. Rf1 (24. gxh3 Nxf3+ 25. Kh1 Rf6 $17) (24. Rf2 Rae8) 24... Rae8 $1) 24. Qc3 Qb6+ 25. Kf1 Rae8 26. Rd1 Bc6 {Strongly threatening ...Rf6.} 27. Bd5 (27. Red2 {is interesting.} Bxe4 28. Ba3 c5 29. Rd6) 27... Nf7 (27... Rf6 $15 28. Bxc6 Rh6 $1) 28. Ba3 Bxd5 29. Rxd5 Rg8 30. Rd7 (30. Red2 $11 {keeps the balance.}) 30... Nd8 (30... Ng5 $17 31. Rf2 Ne6) 31. Red2 (31. Qxc7 $11 Qxb3 32. Be7) 31... Qa6+ ({Black should play} 31... Qh6 $1 $17 {Hoping for ...Qh1+.} 32. Bb2 Qh1+ 33. Kf2 Re6 $1) 32. Kg1 (32. Qc4 $5 ) 32... c6 (32... Nc6 $11 {remains equal.}) 33. Qc5 ({White should try} 33. Bc5 $16) 33... Ne6 (33... b6 {simplifies} 34. Qd6 b5 35. Re7 Rxe7 36. Qxe7 Nb7) 34. Qxe5 Qb6+ 35. Kh2 Qxb3 36. Bb2 c5 $2 {[#]} (36... Qb4 $11 {and Black stays safe.}) 37. Qh5 $1 $18 Rd8 $2 (37... Qxa4 $2 38. R2d6 Nd4 39. Rxb7 $18) (37... Nd4) 38. Bxg7+ $2 Nxg7 {[%mdl 32768] What a bad dream for Black.   Weighted Error Value: White=0.33/Black=0.42. Loss on time!?} 0-1

[Event "Benidorm Open-A 2022"]
[Site "Benidorm"]
[Date "2022.12.08"]
[Round "7.20"]
[White "Achuthan, Dylan"]
[Black "Nurgaliyev, Sauat"]
[Result "1/2-1/2"]
[ECO "B50"]
[WhiteElo "2050"]
[BlackElo "2113"]
[Annotator "TA"]
[PlyCount "147"]
[EventDate "2022.12.03"]
[EventType "swiss"]
[EventCountry "ESP"]
[SourceTitle "playchess.com"]
[Source "ChessBase"]
[SourceQuality "1"]
[TimeControl "5400+30"]

1. e4 c5 2. Nf3 d6 3. c3 Nf6 4. Be2 g6 5. O-O Bg7 6. Bb5+ Bd7 7. Bxd7+ Nbxd7 8. Re1 O-O 9. d4 e5 10. dxe5 dxe5 11. Qe2 {Against c4. B50: Sicilian: 2...d6, Miscellaneous.} Qc7 {[#]} 12. Nbd2 $146 ({Predecessor:} 12. c4 h6 13. Nc3 Rfe8 14. Nd5 Nxd5 15. cxd5 c4 16. a4 Rac8 17. Be3 a6 18. Rec1 b5 19. axb5 axb5 {½-½ (69) Psyk,R (2404)-Lewicki,M (2336) Warsaw 2022}) 12... Ne8 13. Nc4 {White is slightly better.} b5 14. Ne3 Nd6 15. Nd5 {Against Nb6} Qb7 16. Rd1 Kh8 (16... Nb6 $14) 17. Bg5 {Threatens to win with Be7.} f6 {[#]} 18. Bc1 (18. Nxf6 $1 $14 Nxf6 19. Rxd6) 18... Rae8 (18... Rad8 $11 {keeps the balance.}) 19. a4 $16 a6 20. Nd2 (20. h4 $16) 20... f5 $11 21. f3 c4 22. axb5 axb5 23. b3 fxe4 24. fxe4 Nb6 25. Nf3 $2 (25. bxc4 $14 {stays ahead.} Nbxc4 26. Nxc4 Nxc4 27. h3) 25... cxb3 $17 26. Rb1 Na4 (26... Nxd5 27. Rxd5 Rd8 28. Qd3 $15) (26... Rd8 $17 {[%cal Od6e4] ...Nxe4! is the strong threat.} 27. Bg5 Nxd5 $1 28. exd5 Ra8 29. Rxb3 e4) 27. Rxb3 $11 Nxe4 28. Qxe4 {aiming for Ba3.} Nc5 29. Qb1 Nxb3 30. Qxb3 e4 31. Nd4 Qf7 $2 ({Black should try} 31... Bxd4+ $11 32. cxd4 Qf7) 32. Be3 $1 $16 {Active counter play!} (32. Nxb5 $2 Qf2+ 33. Kh1 Qf1+ $3 34. Rxf1 Rxf1#) 32... Re5 33. Nxb5 {Pair of Knights!} Rf5 {( -> ...Rf1+)} 34. Qc4 {Against Rf1+. And now Nd6 would win.} Rd8 {[%cal Rd8d5] Inhibits Nd6.} 35. Nbc7 Rc8 (35... h5 $16 {was called for.} 36. Bd4 (36. Qxe4 Qxc7 37. c4 Qe5 $17) 36... Kh7) 36. Bb6 $18 ({Don't do} 36. Qxe4 $6 Rxc7 37. Nxc7 Qxc7 $16) 36... h5 37. Qxe4 {Hoping for Ne7.} Re5 {Against Ne7} 38. Qc2 Rf5 39. Qa4 Kh7 40. Qa6 $2 (40. h3 $18 {and White stays clearly on top.}) 40... Rd8 41. Qd3 $1 Rd6 (41... Be5 $16 {is a better defense.} 42. c4 Bxc7 43. Bxc7 Rfxd5 44. cxd5 Qxc7) 42. Be3 (42. Ba5 $1 $18 {is the precise move to win.}) 42... Rc6 $2 (42... Rd7 $16) 43. Nb5 Re6 (43... Re5 $142 44. Bf4 Re8) 44. c4 Rfe5 45. Nd4 {Inhibits Qf5.} Re8 46. Nf3 Rxe3 47. Nxe3 {Ng5+ would kill now.} Qa7 48. Kf2 Re7 49. Nd4 Rf7+ 50. Ke1 Qd7 51. Nd5 Qg4 {[#]} 52. Nf3 $2 (52. Qe2 $1 $18) 52... Ra7 $2 (52... Qxg2 $11 53. Rd2 Rxf3 54. Nf6+ (54. Rxg2 Rxd3 55. Rd2 Rb3 $11) 54... Kh6 55. Ng8+ Kh7 56. Nf6+ Kh6 57. Ng8+ Kh7 58. Nf6+) 53. Qd2 Qxc4 54. Ng5+ Kg8 (54... Kh8 $142 55. Qf4 (55. Nf4 $2 Bc3 $19) 55... Qxf4 56. Nxf4 Bc3+ 57. Kf2 Ra6 58. Rd8+ Kg7 59. Rd7+ Kg8) 55. Ne3 $2 (55. Qe3 $18 {Intending Qe6+ and mate.} Bf8 56. Qxa7 Qh4+ 57. g3 Qxg5 58. Qb8) 55... Qc5 $2 (55... Qh4+ $11 {and Black is okay.} 56. Ke2 Qxg5 57. Qd5+ Qxd5 58. Rxd5 Kf7) 56. Qd8+ Bf8 57. Qd5+ Qxd5 58. Nxd5 Bh6 59. Ne4 Kf7 60. Ndf6 Ke6 {[#]} 61. Nd5 $2 (61. Nd7 $1 $18 ) 61... Ke5 $2 {[%mdl 8192] Prevents Rd6.} (61... Kf7 $1 $11 62. h3 Ra2) 62. Nec3 Rb7 63. Kf2 Rb3 64. Rd3 Rb7 65. Kg3 Rb3 66. Rf3 Bd2 67. Kf2 Rb2 68. Kf1 Kd4 69. h3 Rc2 {[%cal Rd2c3] [#]} 70. Nb1 $2 ({Only move:} 70. Nc7 $1 $18) 70... Kxd5 $11 {The position is equal.} (70... Rc1+ $2 71. Ke2 Rxb1 72. Rd3+ Ke5 73. Rxd2 $18) 71. Rd3+ Ke4 72. Rxd2 Rc1+ 73. Kf2 {Strongly threatening Rb2.} Rxb1 74. Ra2 {Weighted Error Value: White=0.25 (precise) /Black=0.47} 1/2-1/2

[Event "Benidorm Open-A 2022"]
[Site "Benidorm"]
[Date "2022.12.08"]
[Round "7.21"]
[White "Unciti Juan, Javier"]
[Black "Rodriguez Melendez, Juan Humbert"]
[Result "0-1"]
[ECO "B20"]
[WhiteElo "1999"]
[BlackElo "2157"]
[Annotator "TA"]
[PlyCount "116"]
[EventDate "2022.12.03"]
[EventType "swiss"]
[EventCountry "ESP"]
[SourceTitle "playchess.com"]
[Source "ChessBase"]
[SourceQuality "1"]
[TimeControl "5400+30"]

1. e4 c5 2. b4 cxb4 3. d4 d5 4. exd5 Qxd5 5. c4 bxc3 6. Nxc3 {B20: Sicilian: Unusual White 2nd moves.} Qa5 7. Bd2 {Strongly threatening Rc1.} e6 8. Nf3 {[#] The position is equal.} Nf6 $146 ({Predecessor:} 8... Bb4 9. Qb3 Nf6 10. Bc4 O-O 11. O-O Nc6 12. Rfd1 Qa3 13. Qc2 Bxc3 14. Bxc3 Nb4 {0-1 (41) Yilmaz,A (1899)-Wagenknecht,U (2200) Germany 2019}) 9. Bd3 (9. Ne4 {is interesting.} Bb4 10. Nxf6+ gxf6 11. Bd3) 9... Be7 (9... Bb4 $5 10. O-O Nc6 $11) 10. Rb1 Qd8 11. Qa4+ Bd7 12. Bb5 Nc6 13. Ne5 O-O 14. Be3 (14. O-O $17 {might work better.}) 14... Qc7 (14... Rc8 $19 15. Ne2 Nd5 16. Nxd7 Qxd7) 15. Nxd7 Qxd7 16. O-O Rfc8 17. Rfc1 (17. Qb3 $17) 17... a6 $19 18. Be2 b5 19. Qd1 Ba3 {Inhibits d5.} 20. Bf3 Bxc1 21. Rxc1 Rd8 $2 (21... h6 $19 {has better winning chances. White must now prevent ...Rab8.} 22. h3 Rab8) 22. Na4 $17 {[%mdl 64] [#] Threatens to win with Nb6.} Nd5 {Inhibits Nb6.} 23. Nb6 Nxb6 $19 24. Bxc6 {This pair of bishops is nice.} Qd6 25. Bxa8 Rxa8 26. Qg4 (26. Rc5 $17 {was called for.}) 26... Rd8 (26... Nd5 $19 {aiming for ...Nxe3.} 27. Rc5 b4) 27. Rc5 $17 Nd5 28. Bh6 Qf8 {And now ...Nf6 would win.} 29. h4 Kh8 30. Bg5 (30. Bf4 $17 {was worth a try.}) 30... Rc8 31. Rxc8 (31. Qf3 $17) 31... Qxc8 {[%mdl 4096] Endgame KQB-KQN} 32. h5 h6 33. Be3 (33. Bf4 b4 34. Be5) 33... Qc2 $19 34. Qf3 Kg8 35. Qg3 Qd1+ 36. Kh2 Qxh5+ 37. Kg1 Qd1+ 38. Kh2 Nf6 39. f3 Qd3 (39... Nd5 $142 40. Bxh6 Qxd4) 40. Bxh6 Ne8 {[%cal Od3h7] Hoping for ...Qh7! Active counter play!} (40... Qxd4 $2 41. Qxg7#) 41. Qb8 {[#]} Kf8 42. Bxg7+ Kxg7 43. Qxe8 Qxd4 {KQ-KQ} 44. Qc6 Qe5+ 45. Kg1 (45. Kh3 $17 {is a better defense.}) 45... a5 46. Qc1 b4 47. Qc4 Qd5 48. Qg4+ Kf8 49. Qh4 Ke8 ({Inferior is} 49... Qxa2 50. Qd8+ Kg7 51. Qg5+ Kh8 52. Qh5+ Kg8 53. Qg5+ Kf8 54. Qd8+ Kg7 55. Qg5+ Kh8 56. Qh5+ Kg8 57. Qg5+ Kf8 58. Qd8+ $11) 50. Qh8+ Kd7 51. Qf6 (51. Qb2 $142 Qc4 52. Kf2) 51... Kd6 {Black is clearly winning.} 52. Qd8+ (52. Qb2 $142 Qc4 53. Kf2) 52... Kc6 53. Qe8+ Qd7 54. Qa8+ Kb5 55. Qb8+ Ka4 56. Qf4 Ka3 57. Qc1+ Kxa2 58. Qc2+ Ka3 {Weighted Error Value: White=0.42/Black=0.25 (precise)} 0-1

[Event "Benidorm Open-A 2022"]
[Site "Benidorm"]
[Date "2022.12.08"]
[Round "7.22"]
[White "O`Neill Y Daneiko, Jose Antonio"]
[Black "Garcia Callejo, Jesus"]
[Result "0-1"]
[ECO "B01"]
[WhiteElo "1961"]
[BlackElo "2140"]
[Annotator "TA"]
[PlyCount "78"]
[EventDate "2022.12.03"]
[EventType "swiss"]
[EventCountry "ESP"]
[SourceTitle "playchess.com"]
[Source "ChessBase"]
[SourceQuality "1"]
[TimeControl "5400+30"]

1. e4 d5 2. exd5 Qxd5 3. Nc3 Qd6 4. d4 Nf6 5. Nf3 c6 6. Ne5 Nbd7 {B01: Scandinavian Defence.} 7. f4 Nb6 8. g4 h5 {[%cal Rh5g4] White has an edge.} 9. g5 Nfd7 {[#]} 10. Ne4 $146 ({Predecessor:} 10. Bg2 Nxe5 11. fxe5 Qg6 12. O-O Bf5 13. d5 Rd8 14. Qd4 Bxc2 15. Be3 h4 16. Rac1 {1-0 (31) Slovak,K (2267)-Starek,S (2208) Czech Republic 2022}) 10... Qe6 11. Qe2 (11. Bg2 {seems wilder.} Nxe5 12. dxe5 Qg4 13. O-O) 11... Nxe5 12. dxe5 g6 (12... Qg6 $14) 13. Bg2 Qc4 {Inhibits a4.} 14. Qxc4 (14. Qd2 $5 ) 14... Nxc4 15. b3 Nb6 16. c4 Bf5 17. Be3 $36 {[%mdl 2048] White is more active.} (17. Ke2 {looks sharper.} O-O-O 18. Be3 Kc7 19. Rhd1) 17... O-O-O 18. Ke2 e6 19. Bf3 ({White should play} 19. Nd6+ $14 Bxd6 20. exd6) 19... Kc7 (19... Bxe4 $11 {remains equal.} 20. Bxe4 Ba3) 20. c5 Nd5 {[#] aiming for ...Bxe4.} 21. Nd6 Rd7 22. Bxd5 cxd5 (22... exd5 $16 {was worth a try.} 23. Nxf5 gxf5) 23. Bd4 Kb8 24. b4 h4 25. b5 h3 26. Rac1 {Hoping for c6.} Rh4 27. Ke3 Rg4 28. c6 $2 {[#]} ({Better is} 28. Rhg1 $18) 28... Rxd6 $1 $11 29. Bxa7+ Kc8 30. exd6 Bxd6 31. Rhf1 e5 {Inhibits Bd4.} 32. fxe5 Bxe5 33. Rcd1 (33. Rf2 $1 $15) 33... Re4+ $17 34. Kd2 ({Much worse is} 34. Kf2 bxc6 35. bxc6 Bxh2) (34. Kd3 $142) 34... Ra4 (34... Bxh2 $19 {Threatens to win with ...Be5.} 35. Bb6 Bf4+ 36. Rxf4 Rxf4) 35. Be3 $2 (35. cxb7+ $17 {is a better chance.} Kxb7 36. Bc5) 35... Rxa2+ $19 (35... Bxh2 $2 {too greedy.} 36. cxb7+ Kxb7 37. a3 $19) 36. Ke1 bxc6 37. bxc6 $2 (37. Rd2 Ra4 38. Bc5) 37... Bxh2 {A strong pair of Bishops.} 38. Rxd5 Bg3+ (38... Bg4 $142 39. Rxf7 Bg3+ 40. Bf2 Rxf2 41. Rxf2 h2 42. Rd4 h1=Q+ 43. Kd2 Bxf2 44. Rxg4 Qe1+ 45. Kc2 Qe2+ 46. Kb3 Qxg4 47. Kc3 Qe2 48. c7 Kxc7 49. Kb3 Qd2 50. Ka4 Qc3 51. Kb5 Be1 52. Ka6 Qa5#) 39. Bf2 Rxf2 {Black used his chance.   Weighted Error Value: White=0.71/Black=0.38} 0-1

[Event "Benidorm Open-A 2022"]
[Site "Benidorm"]
[Date "2022.12.08"]
[Round "7.23"]
[White "Rodriguez Garcia, Manuel Francisco"]
[Black "Hiren K G"]
[Result "0-1"]
[ECO "A28"]
[WhiteElo "2135"]
[BlackElo "1965"]
[Annotator "TA"]
[PlyCount "118"]
[EventDate "2022.12.03"]
[EventType "swiss"]
[EventCountry "ESP"]
[SourceTitle "playchess.com"]
[Source "ChessBase"]
[SourceQuality "1"]
[TimeControl "5400+30"]

1. c4 e5 2. Nc3 Nc6 3. Nf3 Nf6 4. e3 Bc5 5. Nxe5 Nxe5 6. d4 {A28: English Opening: Four Knights Variation.} Qe7 7. dxc5 Qxc5 8. Qd4 {White is better.} Qe7 9. Be2 O-O {[#]} 10. O-O $146 ({Predecessor:} 10. b3 d6 11. Bb2 Re8 12. Nd5 Nxd5 13. cxd5 Qg5 14. g3 c5 15. dxc6 Nxc6 16. Qd2 {0-1 (67) Wilschut,P (2227)-Sipila,V (2445) Maastricht 2013}) 10... d6 11. Nd5 Nxd5 12. cxd5 c5 13. dxc6 bxc6 14. b3 c5 15. Qf4 Ng6 16. Qg3 Bb7 17. Bb2 f5 18. Bf3 {This pair of bishops is nice.} ({White should play} 18. Rfe1 $16) 18... f4 $11 19. exf4 Bxf3 20. Qxf3 Nxf4 {aiming for ...Ne2+.} 21. Rfe1 {Against Ne2+} (21. Rae1 $5 Qf7 22. Bc1 $14) 21... Qf7 22. Rad1 Rae8 23. Bc1 {[#]} Ne2+ $1 $40 {[%mdl 128] Black mounts an attack.} 24. Kf1 $1 Qxf3 25. gxf3 Nd4 (25... Nxc1 {simplifies} 26. Rxc1 Rxe1+ 27. Rxe1 Kf7) 26. f4 (26. Re4 $11) 26... Nf5 $17 {Black is more active.} 27. f3 Kf7 28. Kf2 Re6 29. Re4 Rh6 30. Kg2 Re8 31. Rd5 Rh5 {Strongly threatening ...Nh4+.} 32. Rd1 Re6 33. Rxe6 Kxe6 {[%mdl 4096] Endgame KRB-KRN} 34. Re1+ Kd7 35. Re4 Kc6 36. Re6 {[#]} Rh6 $1 37. Rxh6 (37. Re2 $17 {was worth a try.}) 37... Nxh6 {KB-KN} ({Inferior is} 37... gxh6 38. Kf2 $17) 38. Kg3 d5 39. Kh4 (39. Kf2 {keeps fighting.}) 39... d4 $19 40. Kg5 Kd5 41. Bd2 Ke6 42. h4 $2 (42. Bc1) 42... Nf5 43. h5 Ng3 44. f5+ Nxf5 45. Kf4 Nd6 46. Be1 Kd5 47. Bd2 Nf7 {White must now prevent ...Ne5.} 48. Kf5 Ne5 49. Kf4 a6 50. Ba5 Nd3+ 51. Kf5 Nc1 52. h6 gxh6 53. Kf6 Nxa2 {Threatens to win with ...Nc1.} 54. f4 Nb4 {Black mates.} 55. f5 d3 56. Kg7 d2 57. Bxb4 cxb4 58. f6 d1=Q (58... d1=B $2 59. f7 (59. Kxh6 $2 {too greedy.} Ke6 60. Kg7 Bh5 61. Kh6 Be8 62. Kg5 a5 63. Kf4 a4 64. bxa4 Bxa4 65. Kg5 b3 66. f7 Kxf7 67. Kg4 b2 68. Kf4 b1=Q 69. Ke3 Kf6 70. Kf2 Qd3 71. Ke1 Bc6 72. Kf2 Qd2+ 73. Kg3 Kg5 74. Kh3 Qg2#) 59... Bxb3 60. f8=Q $18 (60. f8=B $2 {loses.} a5 $19)) 59. f7 Qg4+ {Weighted Error Value: White=0.53/Black=0.12 (very precise)} 0-1